 Dungeon Crawl Stone Soup version 0.27-a0-597-g524d869a0f (webtiles) character file.

Game seed: 16887810601572109223

580 rednaxela the Skirmisher (level 7, -5/57 HPs)
             Began as a Barachi Brigand on Mar 11, 2021.
             Slain by a two-headed ogre
             ... wielding a +0 giant club
              (22 damage)
             ... on level 5 of the Dungeon.
             The game lasted 00:13:01 (5135 turns).

rednaxela the Skirmisher (Barachi Brigand)          Turns: 5135, Time: 00:13:02

Health: -5/57      AC: 10    Str: 14    XL:     7   Next: 36%
Magic:  7/7        EV: 11    Int: 11    God:
Gold:   247        SH:  0    Dex: 14    Spells: 6/6 levels left

rFire    . . .     SeeInvis .   a - +0 dagger (venom)
rCold    . . .     Faith    .   (no shield)
rNeg     . . .     Spirit   .   l - +0 scale mail
rPois    .         Reflect  .   j - +2 hat
rElec    .         Harm     .   c - +0 cloak
rCorr    .         Rampage  .   (no gloves)
Will     .....                  (no boots)
Stlth    +.........             (no amulet)
HPRegen  0.19/turn              (no ring)
MPRegen  0.10/turn              (no ring)

@: can't hop, slow
A: +LOS, amphibious, slowness 1, strong legs 1
a: Hop


You were on level 5 of the Dungeon.
You visited 1 branch of the dungeon, and saw 5 of its levels.

You collected 247 gold pieces.

Inventory:

Hand Weapons
 a - a +0 dagger of venom (weapon)
   (You took it off an orc on level 3 of the Dungeon)
 b - a +0 mace of holy wrath
   (You found it on level 2 of the Dungeon)
Missiles
 d - 51 poisoned darts (quivered)
 i - 8 boomerangs
Armour
 c - a +0 cloak (worn)
 f - a +0 robe
 j - a +2 hat (worn)
   (You found it on level 1 of the Dungeon)
 l - a +0 scale mail (worn)
   (You found it on level 1 of the Dungeon)
Scrolls
 g - a scroll of noise
 r - a scroll of fear {!r}
 s - a scroll of magic mapping {unknown}
 t - 6 scrolls of teleportation {@r3 !r}
 u - a scroll of amnesia {unknown}
Potions
 h - a potion of invisibility {!q}
 k - 4 potions of curing {@q1 !q}
 m - a potion of flight
 o - 3 potions of haste {@q4 !q}
 p - a potion of heal wounds {@q2 !q}
 q - a potion of magic {!q}


   Skills:
 + Level 5.7 Fighting
 - Level 2.1 Short Blades
 - Level 2.0 Throwing
 - Level 5.0 Armour
 - Level 5.0 Dodging
 - Level 3.6 Stealth


You had 6 spell levels left.
You didn't know any spells.
Your spell library was empty.

Dungeon Overview and Level Annotations

Branches:
Dungeon (5/15)
 Temple: D:4-7

Altars:
Uskayaw
Vehumet


Innate Abilities, Weirdness & Mutations

You can be seen from farther away. (+LOS)
You are amphibious.
You cover ground slowly.
You can hop short distances.


Message History

You throw a poisoned dart.
The poisoned dart hits the two-headed ogre.
The two-headed ogre looks as sick as possible!
The two-headed ogre is lightly wounded.
Throw: 59 darts (poison)
Press: ? - help, Shift-Dir - straight line, f/p - two-headed ogre
Aim: a two-headed ogre, wielding a +0 giant club and a +0 giant spiked club (lightly wounded, extremely poisoned, slow, 76% to hit)
You throw a poisoned dart.
The poisoned dart hits the two-headed ogre.
The two-headed ogre is lightly wounded.
Throw: 58 darts (poison)
Press: ? - help, Shift-Dir - straight line, f/p - two-headed ogre
Aim: a two-headed ogre, wielding a +0 giant club and a +0 giant spiked club (lightly wounded, extremely poisoned, slow, 76% to hit)
You throw a poisoned dart.
The poisoned dart hits the two-headed ogre.
The two-headed ogre looks as sick as possible!
The two-headed ogre is lightly wounded.
Throw: 57 darts (poison)
Press: ? - help, Shift-Dir - straight line, f/p - two-headed ogre
Aim: a two-headed ogre, wielding a +0 giant club and a +0 giant spiked club (moderately wounded, extremely poisoned, slow, 75% to hit)
You throw a poisoned dart.
The poisoned dart hits the two-headed ogre.
The two-headed ogre looks as sick as possible!
The two-headed ogre is moderately wounded.
Throw: 56 darts (poison)
Press: ? - help, Shift-Dir - straight line, f/p - two-headed ogre
Aim: a two-headed ogre, wielding a +0 giant club and a +0 giant spiked club (moderately wounded, extremely poisoned, slow, 76% to hit)
You throw a poisoned dart.
The poisoned dart barely misses the two-headed ogre.
You barely miss the two-headed ogre.
The two-headed ogre is moderately wounded.
You hit the two-headed ogre.
The two-headed ogre looks as sick as possible!
The two-headed ogre is moderately wounded.
The two-headed ogre hits you with a +0 giant club.
The two-headed ogre hits you but does no damage.
You completely miss the two-headed ogre.
The two-headed ogre is moderately wounded.
You hit the two-headed ogre but do no damage.
The two-headed ogre looks as sick as possible!
The two-headed ogre is moderately wounded.
The two-headed ogre misses you.
The two-headed ogre hits you but does no damage.
Hop to where?
Press: ? - help, Dir - move target Boing!
Throw: 55 darts (poison)
Press: ? - help, Shift-Dir - straight line, f - two-headed ogre
Aim: a two-headed ogre, wielding a +0 giant club and a +0 giant spiked club (heavily wounded, extremely poisoned, 76% to hit)
You throw a poisoned dart.
The poisoned dart closely misses the two-headed ogre.
Throw: 54 darts (poison)
Press: ? - help, Shift-Dir - straight line, f/p - two-headed ogre
Aim: a two-headed ogre, wielding a +0 giant club and a +0 giant spiked club (sparse dust, heavily wounded, extremely poisoned, 76% to hit)
You throw a poisoned dart.
The poisoned dart barely misses the two-headed ogre.
Throw: 53 darts (poison)
Press: ? - help, Shift-Dir - straight line, f/p - two-headed ogre
Aim: a two-headed ogre, wielding a +0 giant club and a +0 giant spiked club (severely wounded, extremely poisoned, 76% to hit)
You throw a poisoned dart.
The poisoned dart barely misses the two-headed ogre.
You don't have any such object.
Fire/throw which item? (* to show all) (? for menu, Esc to quit)
Throw: 52 darts (poison)
Press: ? - help, Shift-Dir - straight line, f/p - two-headed ogre
Aim: a two-headed ogre, wielding a +0 giant club and a +0 giant spiked club (severely wounded, very poisoned, 76% to hit)
You throw a poisoned dart.
The poisoned dart hits the two-headed ogre.
The two-headed ogre is severely wounded.
Found 7 bolts.
You hit the two-headed ogre but do no damage.
The two-headed ogre is severely wounded.
The two-headed ogre barely misses you.
The two-headed ogre hits you with a +0 giant spiked club!
You hit the two-headed ogre but do no damage.
The two-headed ogre is severely wounded.
You hit the two-headed ogre but do no damage.
The two-headed ogre looks as sick as possible!
The two-headed ogre is severely wounded.
The two-headed ogre closely misses you.
The two-headed ogre hits you with a +0 giant spiked club!
* * * LOW HITPOINT WARNING * * *
The two-headed ogre hits you with a +0 giant club!!
* * * LOW HITPOINT WARNING * * *
The two-headed ogre closely misses you.
Your legs are too worn out to hop.
You hit the two-headed ogre but do no damage.
The two-headed ogre looks as sick as possible!
The two-headed ogre is severely wounded.
Really quaff
p - 2 potions of heal wounds {@q2 !q}?
You feel much better.
The two-headed ogre hits you with a +0 giant club!
* * * LOW HITPOINT WARNING * * *
The two-headed ogre hits you with a +0 giant spiked club!
* * * LOW HITPOINT WARNING * * *
You hit the two-headed ogre.
The two-headed ogre looks as sick as possible!
The two-headed ogre is almost dead.
The two-headed ogre hits you with a +0 giant club!!
You die...

###### #...@#
#..O.# +....+
#######+###....#
#.............(#
#.#..............#
#.#..............#
#.#...).......####
#(#...........#


You could see a two-headed ogre (extremely poisoned).

Vanquished Creatures
  Menkaure (D:4)
  A sky beast (D:4)
  A phantom (D:2)
  A howler monkey (D:4)
  An orc priest (D:2)
  2 hounds (D:4)
  An orc wizard (D:4)
  4 gnolls (D:4)
  2 adders (D:2)
  2 worms
  2 dart slugs (D:1)
  3 leopard geckos
  8 orcs
  11 bats
  2 giant cockroaches (D:2)
  10 hobgoblins
  2 jackals (D:2)
  A quokka (D:2)
  2 ball pythons
  4 frilled lizards
  8 goblins
  4 kobolds
  A quokka skeleton (D:4)
  5 rats
79 creatures vanquished.

Vanquished Creatures (others)
  24 plants
24 creatures vanquished.

Grand Total: 103 creatures vanquished

Notes
Turn   | Place    | Note
-------+----------+-------------------------------------------
     0 | D:1      | rednaxela the Barachi Brigand began the quest for the Orb.
     0 | D:1      | Reached XP level 1. HP: 17/17 MP: 1/1
    28 | D:1      | Reached skill level 1 in Armour
   161 | D:1      | Reached XP level 2. HP: 13/23 MP: 2/2
   412 | D:1      | Reached skill level 2 in Armour
   593 | D:1      | Reached skill level 2 in Dodging
   696 | D:1      | Reached XP level 3. HP: 28/28 MP: 3/3
  1300 | D:2      | Found a radiant altar of Vehumet.
  1526 | D:2      | Reached XP level 4. HP: 32/34 MP: 4/4
  1860 | D:2      | Reached skill level 3 in Fighting
  2110 | D:2      | Reached skill level 3 in Armour
  2367 | D:3      | Noticed a +0 falchion
  2367 | D:3      | Noticed a +0 short sword
  2368 | D:3      | Noticed a +0 spear
  2368 | D:3      | Noticed a +0 dagger
  2370 | D:3      | Noticed a +0 spear
  2382 | D:3      | Noticed a +0 short sword
  2383 | D:3      | Noticed a +0 dagger
  2384 | D:3      | Noticed a +0 falchion
  2390 | D:3      | Found a hide-covered altar of Uskayaw.
  2451 | D:3      | Reached skill level 3 in Dodging
  2460 | D:3      | Noticed a phantom
  2797 | D:2      | Killed a phantom
  2798 | D:2      | Reached XP level 5. HP: 26/42 MP: 5/5
  3551 | D:4      | Noticed Menkaure
  3554 | D:4      | HP: 2/42 [Menkaure (17)]
  3557 | D:4      | Killed Menkaure
  3558 | D:4      | Reached skill level 4 in Fighting
  3558 | D:4      | Reached skill level 4 in Armour
  3558 | D:4      | Reached skill level 4 in Dodging
  3558 | D:4      | Reached XP level 6. HP: 33/49 MP: 6/6
  4152 | D:4      | Reached XP level 7. HP: 55/55 MP: 7/7
  4161 | D:4      | Reached skill level 5 in Armour
  4164 | D:4      | Reached skill level 5 in Fighting
  4933 | D:5      | Entered Level 5 of the Dungeon
  4957 | D:4      | Reached skill level 5 in Dodging
  5102 | D:5      | Noticed a two-headed ogre
  5135 | D:5      | Slain by a two-headed ogre

Illustrated notes

Levels and vault maps discovered:
D:1:      wander_arrival_peaceful_grave, layout_basic
D:2:      wad_lake_hut, layout_basic, vehumet_crystals
D:3:      layout_loops_ring, nicolae_uskayaw_en_pointe,
          kennysheep_generic_room_16
D:4:      layout_basic, enter_ossuary_5, serial_bayou_lagoon_b, uniq_menkaure
D:5:      layout_basic, fedhas_altar_1

Skill      XL: |  1  2  3  4  5  6  7 |
---------------+----------------------+-----
Armour         | 1 2 3 4 5 |  5.0
Dodging        | 2 3 4 5 |  5.0
Fighting       | 3 4 5 |  5.7
Short Blades   | |  2.1
Throwing       | |  2.0
Stealth        | |  3.6

Action                   |  1- 3 |  4- 6 |  7- 9 || total
-------------------------+-------+-------+-------++-------
Melee: Dagger            |   119 |   177 |    41 ||   337
       Mace              |       |     3 |       ||     3
Throw: Dart              |       |     7 |    12 ||    19
 Abil: Hop               |       |     1 |     1 ||     2
  Use: Scroll            |       |     8 |     2 ||    10
       Potion            |       |     1 |     1 ||     2
 Stab: Sleeping          |     3 |     2 |       ||     5
Armor: Robe              |    12 |       |       ||    12
       Scale mail        |    38 |    93 |    16 ||   147
Dodge: Dodged            |    41 |    88 |    18 ||   147

Table legend: (Time is in decaauts)
 A = Elapsed time spent in this place.
 B = Non-inter-level travel time spent in this place.
 C = Inter-level travel time spent in this place.
 D = Time resting spent in this place.
 E = Time spent auto-exploring this place.
 F = Levels seen in this place.
 G = Mean time per level.
                   A        B        C        D        E       F      G
               +--------+--------+--------+--------+--------+-----+--------+
         Total |   5668 |   5350 |    318 |    628 |   3545 |   5 | 1133.6 |
       Dungeon |   5668 |   5350 |    318 |    628 |   3545 |   5 | 1133.6 |
               +--------+--------+--------+--------+--------+-----+--------+

Top non-repeatable levels by time:
     D:2: 1920 daAuts
     D:4: 1714 daAuts
     D:1: 1136 daAuts
     D:3: 846 daAuts
     D:5: 49 daAuts
